Sharks vs Capitals

Created - 12 avril 2024 at 17:51

Goals
1 2 3 T
Sharks 0 0 2 2
Capitals 1 0 0 1
Shots
1 2 3 T
Sharks 13 5 11 29
Capitals 9 12 15 36

GoalsPenalties
1st period
1. Capitals , Joel Eriksson Ek 23 (Oliver Ekman-Larsson 18) at 0:16
Justin Schultz (WAS) for Roughing (Minor) at 2:48
2nd period
No Goal
Oliver Wahlstrom (SJS) for Hooking (Minor) at 19:40
3rd period
2. Sharks , Dylan Larkin 27 (Alex Pietrangelo 29, Robert Thomas 26) at 2:59
3. Sharks , Brandon Tanev 9 (Oliver Wahlstrom 3, Brett Kulak 10) at 10:55
Damon Severson (WAS) for Slashing (Minor) at 14:17
Goalie Stats
Darcy Kuemper (SJS), 35 saves from 36 shots - (0,972), W, 25-16-5, 60:00 minutes
Samuel Montembeault (WAS), 27 saves from 29 shots - (0,931), L, 10-22-3, 59:53 minutes
3 StarsOfficial
1 - Darcy Kuemper (SJS)
2 - Brandon Tanev (SJS)
3 - Dylan Larkin (SJS)
Referees : Francois St-Laurent and Ryan Hersey
Linesman : Jesse Marquis and Vaughan Rody
Game Note
No Game Note
Finance
Level 1 -- Attendance: 5941 (99,02%) -- Ticket Income $594,100
Level 2 -- Attendance: 3776 (75,52%) -- Ticket Income $264,320
Level 3 -- Attendance: 1820 (91,00%) -- Ticket Income $76,440
Level 4 -- Attendance: 3939 (98,48%) -- Ticket Income $98,475
Luxury Box -- Attendance: 898 (89,80%) -- Ticket Income $175,110
Game was played at the Washington Arena.
Total Attendance: 16374 (90,97%)
Total Ticket Income: $1,208,445
Other Income: $592,138
Total Income: $1,800,583



Team Name Goals Shots Shots Attemp Shots Blocked PIM HIT PP PK FO%
Sharks 22968102210 / 2 (0%)062%
Capitals 13662124320 / 1 (0%)038%

Sharks
Player Name POS G A P +/- PIM HIT SHT SB MP PP MP PP SHT PK MP PK SHT FO% FOT GA TA
Alex PietrangeloD0110010023:302:0901:2200% 001
Boone JennerC/LW/RW0000021019:361:5701:08050% 200
Brandon TanevLW/RW101100109:300:1701:0500% 000
Brett KulakD0111010119:302:0901:2200% 010
Calvin De HaanD0001020013:230:0000:0000% 011
Dylan LarkinC/LW/RW1010017119:261:5700:450100% 221
Jonathan HuberdeauC/LW/RW0000034017:481:4300:1500% 000
Joseph VelenoC000100118:090:0100:0000% 201
Joshua NorrisC0000014117:402:0500:00067% 1810
Justin BraunD0000040220:010:0000:3700% 000
K'Andre MillerD0000021021:061:4900:3700% 001
Kasperi KapanenLW/RW0000014013:340:0000:0000% 010
Lukas ReichelLW/RW0000001013:340:0000:00050% 220
Mason McTavishC/LW0000011117:372:0200:0000% 101
Oliver WahlstromRW011120008:090:0000:0000% 000
Robert ThomasC/RW0110002119:231:5200:45062% 2110
Shea TheodoreD0000011122:301:4900:0000% 001
Travis BoydC/RW0000011113:340:0000:00070% 1010
Capitals
Player Name POS G A P +/- PIM HIT SHT SB MP PP MP PP SHT PK MP PK SHT FO% FOT GA TA
Adam FantilliC0000014014:200:0000:0000% 110
Adam LowryC/LW000-1043015:460:0000:00041% 1700
Andrew CoglianoC/LW/RW0000001017:041:0601:54020% 1510
Cal ClutterbuckLW/RW0000051016:090:5300:0000% 000
Cam YorkD0000011118:200:0002:0000% 012
Damon SeversonD0000240317:571:2301:0500% 000
Derek GrantC0000062114:200:0000:00075% 1200
Elias PetterssonLW0000010115:581:0600:4000% 000
Isac LundestromC/LW000000109:520:0001:1300% 000
Jake GuentzelC/LW000-1006018:440:5300:51025% 400
Joel ArmiaLW/RW000002209:520:0001:1310% 000
Joel Eriksson EkC/LW/RW101-1026017:350:5300:0000% 211
Justin SchultzD000-1212123:430:3600:5500% 001
Kyle PalmieriLW/RW0000023015:101:0600:0000% 020
Marc-Edouard VlasicD0000000018:280:3601:5800% 003
Oliver Ekman-LarssonD011-1012423:121:2300:0000% 001
Quinton ByfieldC0000002010:540:0002:05029% 710
Zach BogosianD0000020118:360:0001:5800% 002

Sharks

5 vs 5 Forward
Line #Left WingCenterRight WingPHYDFOFWanted %Time %Time Play
1Jonathan HuberdeauRobert ThomasDylan Larkin0233330%15:46
2Mason McTavishJoshua NorrisBoone Jenner0233130%15:43
3Kasperi KapanenTravis BoydLukas Reichel0232726%13:34
4Brandon TanevJoseph VelenoOliver Wahlstrom032915%8:06
5 vs 5 Defense
Line #DefenseDefensePHYDFOFWanted %Time %Time Play
1Alex PietrangeloJustin Braun0233536%18:54
2Shea TheodoreK'Andre Miller0323535%18:40
3Calvin De HaanBrett Kulak0322425%13:11
4Brett KulakShea Theodore04165%2:24
Power Play Forward
Line #Left WingCenterRight WingPHYDFOFWanted %Time %Time Play
1Dylan LarkinJoshua NorrisMason McTavish0145553%2:05
2Jonathan HuberdeauRobert ThomasBoone Jenner0144547%1:53
Power Play Defense
Line #DefenseDefensePHYDFOFWanted %Time %Time Play
1Alex PietrangeloBrett Kulak0235554%2:09
2Shea TheodoreK'Andre Miller0234546%1:49
Penalty Kill 4 Players Forward
Line #CenterWingPHYDFOFWanted %Time %Time Play
1Boone JennerBrandon Tanev0415562%1:14
2Robert ThomasDylan Larkin0414538%0:45
Penalty Kill 4 Players Defense
Line #DefenseDefensePHYDFOFWanted %Time %Time Play
1Alex PietrangeloBrett Kulak0505569%1:22
2Brett KulakK'Andre Miller0504531%0:37
Penalty Kill 3 Players
Line #WingPHYDFOFWanted %Time %Time PlayDefenseDefensePHYDFOFWanted %Time %Time Play
1Boone Jenner050550%0:00 Alex PietrangeloBrett Kulak050550%0:00
2Robert Thomas050450%0:00 Justin BraunK'Andre Miller050450%0:00
4 vs 4 Forward
Line #CenterWingPHYDFOFWanted %Time %Time Play
1Boone JennerJonathan Huberdeau032550%0:00
2Dylan LarkinKasperi Kapanen032450%0:00
4 vs 4 Defense
Line #DefensePHYDFOFWanted %Time %Time Play
1Alex PietrangeloShea Theodore032550%0:00
2Brett KulakK'Andre Miller032450%0:00
Last Minutes Offensive
Left WingCenterRight WingDefenseDefense
Jonathan HuberdeauDylan LarkinBoone JennerAlex PietrangeloShea Theodore
Last Minutes Defensive
Left WingCenterRight WingDefenseDefense
Boone JennerDylan LarkinRobert ThomasBrett KulakAlex Pietrangelo
Time
Total ForwardTotal DefenseLast Minutes OffensiveLast Minutes Defensive
60:00 60:00 0:000:54
Extra Forwards
Normal PowerPlayPenalty Kill
Dylan Larkin, Boone Jenner, Jonathan HuberdeauBoone Jenner, Dylan LarkinJonathan Huberdeau
Extra Defensemen
Normal PowerPlayPenalty Kill
K'Andre Miller, Shea Theodore, Justin BraunK'Andre Miller, Justin BraunK'Andre Miller
Penalty Shots
Joshua Norris, Boone Jenner, Dylan Larkin, Mason McTavish, Jonathan Huberdeau
Goalie
Darcy Kuemper, Ukko-Pekka Luukkonen
Custom OT Lines Forwards
Jonathan Huberdeau, Joshua Norris, Dylan Larkin, Boone Jenner, Lukas Reichel, Robert Thomas, Travis Boyd, Mason McTavish, Brandon Tanev, Kasperi Kapanen
Custom OT Lines Defensemen
Alex Pietrangelo, Shea Theodore, Justin Braun, K'Andre Miller, Brett Kulak
Scratches
None

Capitals

5 vs 5 Forward
Line #Left WingCenterRight WingPHYDFOFWanted %Time %Time Play
1Jake GuentzelAdam LowryJoel Eriksson Ek1133030%16:07
2Elias PetterssonAndrew CoglianoKyle Palmieri1222826%14:04
3Adam FantilliDerek GrantCal Clutterbuck1312627%14:20
4Isac LundestromQuinton ByfieldJoel Armia1311616%8:39
5 vs 5 Defense
Line #DefenseDefensePHYDFOFWanted %Time %Time Play
1Justin SchultzOliver Ekman-Larsson1223031%16:29
2Damon SeversonMarc-Edouard Vlasic1223030%15:54
3Cam YorkZach Bogosian1223031%16:20
4Justin SchultzOliver Ekman-Larsson122108%4:27
Power Play Forward
Line #Left WingCenterRight WingPHYDFOFWanted %Time %Time Play
1Cal ClutterbuckJake GuentzelJoel Eriksson Ek1226045%0:53
2Elias PetterssonAndrew CoglianoKyle Palmieri1224055%1:06
Power Play Defense
Line #DefenseDefensePHYDFOFWanted %Time %Time Play
1Damon SeversonOliver Ekman-Larsson1226070%1:23
2Justin SchultzMarc-Edouard Vlasic1224030%0:36
Penalty Kill 4 Players Forward
Line #CenterWingPHYDFOFWanted %Time %Time Play
1Quinton ByfieldAndrew Cogliano1316069%2:45
2Isac LundestromJoel Armia1314031%1:13
Penalty Kill 4 Players Defense
Line #DefenseDefensePHYDFOFWanted %Time %Time Play
1Cam YorkJustin Schultz1226050%2:00
2Zach BogosianMarc-Edouard Vlasic1224050%1:58
Penalty Kill 3 Players
Line #WingPHYDFOFWanted %Time %Time PlayDefenseDefensePHYDFOFWanted %Time %Time Play
1Quinton Byfield122600%0:00 Justin SchultzZach Bogosian122600%0:00
2Andrew Cogliano122400%0:00 Cam YorkMarc-Edouard Vlasic122400%0:00
4 vs 4 Forward
Line #CenterWingPHYDFOFWanted %Time %Time Play
1Joel Eriksson EkJake Guentzel122600%0:00
2Cal ClutterbuckElias Pettersson122400%0:00
4 vs 4 Defense
Line #DefensePHYDFOFWanted %Time %Time Play
1Justin SchultzOliver Ekman-Larsson122600%0:00
2Damon SeversonMarc-Edouard Vlasic122400%0:00
Last Minutes Offensive
Left WingCenterRight WingDefenseDefense
Joel Eriksson EkJake GuentzelCal ClutterbuckDamon SeversonOliver Ekman-Larsson
Last Minutes Defensive
Left WingCenterRight WingDefenseDefense
Joel Eriksson EkJake GuentzelCal ClutterbuckJustin SchultzOliver Ekman-Larsson
Time
Total ForwardTotal DefenseLast Minutes OffensiveLast Minutes Defensive
60:00 60:00 0:530:00
Extra Forwards
Normal PowerPlayPenalty Kill
Jake Guentzel, Joel Eriksson Ek, Cal ClutterbuckJoel Eriksson Ek, Jake GuentzelJake Guentzel
Extra Defensemen
Normal PowerPlayPenalty Kill
Justin Schultz, Damon Severson, Cam YorkJustin Schultz, Damon SeversonCam York
Penalty Shots
Jake Guentzel, Joel Eriksson Ek, Elias Pettersson, Kyle Palmieri, Cal Clutterbuck
Goalie
Samuel Montembeault, Robin Lehner
Custom OT Lines Forwards
Jake Guentzel, Joel Eriksson Ek, Elias Pettersson, Adam Lowry, Quinton Byfield, Kyle Palmieri, Isac Lundestrom, Joel Armia, Andrew Cogliano, Cal Clutterbuck
Custom OT Lines Defensemen
Oliver Ekman-Larsson, Cam York, Marc-Edouard Vlasic, Damon Severson, Justin Schultz
Scratches
Anders Bjork (Healthy), Nathan Beaulieu (Healthy), Brandon Bussi (Healthy)


Play-by-Play

1st period


0:01 of 1st period - Robert Thomas wins face-off versus Adam Lowry in neutral zone.
0:14 of 1st period - Snap shot by Joel Eriksson Ek.
0:14 of 1st period - Shot Blocked by Dylan Larkin.
0:16 of 1st period - Wrist shot by Oliver Ekman-Larsson.
0:16 of 1st period - Deflect By Joel Eriksson Ek.
0:16 of 1st period - Goal by Joel Eriksson Ek - Sharks : 0 - Capitals : 1.
0:17 of 1st period - Joshua Norris wins face-off versus Andrew Cogliano in neutral zone.
0:28 of 1st period - Wrist shot by Joshua Norris.
0:28 of 1st period - Stopped by Samuel Montembeault with a rebound.
0:42 of 1st period - Cal Clutterbuck is hit by Travis Boyd and loses puck.
1:07 of 1st period - Joseph Veleno is hit by Damon Severson and loses puck.
1:15 of 1st period - Off-side.
1:16 of 1st period - Robert Thomas wins face-off versus Jake Guentzel in neutral zone.
1:20 of 1st period - Icing by Zach Bogosian.
1:21 of 1st period - Robert Thomas wins face-off versus Adam Lowry in Capitals zone.
1:52 of 1st period - Alex Pietrangelo is hit by Cam York.
2:13 of 1st period - Backhand shot by Robert Thomas.
2:13 of 1st period - Shot Blocked by Zach Bogosian.
2:35 of 1st period - Slapshot by Joshua Norris.
2:35 of 1st period - Stopped by Samuel Montembeault with a rebound.
2:37 of 1st period - Slapshot by Joshua Norris.
2:37 of 1st period - Deflect By Boone Jenner.
2:37 of 1st period - Shot Misses the Net.
2:37 of 1st period - Puck is out of play.
2:38 of 1st period - Lukas Reichel wins face-off versus Adam Lowry in Capitals zone.
2:41 of 1st period - Snap shot by Kasperi Kapanen.
2:41 of 1st period - Stopped by Samuel Montembeault with a rebound.
2:48 of 1st period - Minor Penalty to Justin Schultz for Roughing.
2:49 of 1st period - Joshua Norris wins face-off versus Quinton Byfield in Capitals zone.
3:01 of 1st period - Wrist shot by Dylan Larkin.
3:01 of 1st period - Shot Blocked by Damon Severson.
4:42 of 1st period - Zach Bogosian is hit by Dylan Larkin and loses puck.
4:48 of 1st period - Penalty to Justin Schultz is over, Justin Schultz is back on ice.
4:57 of 1st period - Snap shot by Kasperi Kapanen.
4:57 of 1st period - Stopped by Samuel Montembeault without a rebound.
4:58 of 1st period - Derek Grant wins face-off versus Travis Boyd in Capitals zone.
5:33 of 1st period - Snap shot by Brandon Tanev.
5:33 of 1st period - Shot Misses the Net.
5:49 of 1st period - Snap shot by Kyle Palmieri.
5:49 of 1st period - Stopped by Darcy Kuemper with a rebound.
6:22 of 1st period - Wrist shot by Quinton Byfield.
6:22 of 1st period - Shot Misses the Net.
6:24 of 1st period - Wrist shot by Adam Lowry.
6:24 of 1st period - Shot Misses the Net.
6:26 of 1st period - Backhand shot by Adam Lowry.
6:26 of 1st period - Shot Blocked by Justin Braun.
6:40 of 1st period - Marc-Edouard Vlasic is hit by Justin Braun and loses puck.
7:15 of 1st period - K'Andre Miller is hit by Cal Clutterbuck and loses puck.
7:32 of 1st period - Snap shot by Joel Eriksson Ek.
7:32 of 1st period - Stopped by Darcy Kuemper with a rebound.
8:21 of 1st period - Snap shot by Jonathan Huberdeau.
8:21 of 1st period - Shot Blocked by Derek Grant.
8:33 of 1st period - Backhand shot by Joshua Norris.
8:33 of 1st period - Stopped by Samuel Montembeault with a rebound.
8:45 of 1st period - Wrist shot by Boone Jenner.
8:45 of 1st period - Shot Misses the Net.
8:57 of 1st period - Snap shot by Kasperi Kapanen.
8:57 of 1st period - Stopped by Samuel Montembeault with a rebound.
9:22 of 1st period - Slapshot by Elias Pettersson.
9:22 of 1st period - Shot Blocked by Joseph Veleno.
9:24 of 1st period - Snap shot by Elias Pettersson.
9:24 of 1st period - Shot Misses the Net.
9:44 of 1st period - Marc-Edouard Vlasic is hit by Jonathan Huberdeau and loses puck.
9:49 of 1st period - Wrist shot by Robert Thomas.
9:49 of 1st period - Stopped by Samuel Montembeault without a rebound.
9:50 of 1st period - Joshua Norris wins face-off versus Adam Lowry in Capitals zone.
10:01 of 1st period - Joel Eriksson Ek is hit by Boone Jenner and loses puck.
10:59 of 1st period - Backhand shot by Joel Eriksson Ek.
10:59 of 1st period - Stopped by Darcy Kuemper with a rebound.
11:07 of 1st period - Joel Eriksson Ek is hit by Joshua Norris and loses puck.
11:20 of 1st period - Snap shot by Quinton Byfield.
11:20 of 1st period - Deflect By Joel Armia.
11:20 of 1st period - Shot Misses the Net.
11:20 of 1st period - Puck is out of play.
11:21 of 1st period - Quinton Byfield wins face-off versus Joseph Veleno in Sharks zone.
11:50 of 1st period - Snap shot by Kyle Palmieri.
11:50 of 1st period - Shot Misses the Net.
11:54 of 1st period - Snap shot by Andrew Cogliano.
11:54 of 1st period - Deflect By Elias Pettersson.
11:54 of 1st period - Shot Misses the Net.
11:54 of 1st period - Puck is out of play.
11:55 of 1st period - Derek Grant wins face-off versus Robert Thomas in Sharks zone.
12:22 of 1st period - Oliver Ekman-Larsson is hit by Calvin De Haan and loses puck.
13:13 of 1st period - Snap shot by Brandon Tanev.
13:13 of 1st period - Shot Misses the Net.
13:32 of 1st period - Snap shot by Joshua Norris.
13:32 of 1st period - Deflect By Boone Jenner.
13:32 of 1st period - Shot Misses the Net.
13:32 of 1st period - Puck is out of play.
13:33 of 1st period - Derek Grant wins face-off versus Joshua Norris in Capitals zone.
13:37 of 1st period - Off-side.
13:38 of 1st period - Joshua Norris wins face-off versus Andrew Cogliano in neutral zone.
13:46 of 1st period - Elias Pettersson is hit by Justin Braun and loses puck.
14:35 of 1st period - Slapshot by Kasperi Kapanen.
14:35 of 1st period - Shot Misses the Net.
14:55 of 1st period - Wrist shot by Andrew Cogliano.
14:55 of 1st period - Shot Blocked by Brett Kulak.
15:11 of 1st period - Snap shot by Brandon Tanev.
15:11 of 1st period - Shot Misses the Net.
15:17 of 1st period - Snap shot by Joel Armia.
15:17 of 1st period - Stopped by Darcy Kuemper with a rebound.
15:36 of 1st period - Wrist shot by Jake Guentzel.
15:36 of 1st period - Shot Misses the Net.
16:25 of 1st period - Wrist shot by Boone Jenner.
16:25 of 1st period - Shot Misses the Net.
16:44 of 1st period - Shea Theodore is hit by Derek Grant and loses puck.
17:05 of 1st period - Snap shot by Robert Thomas.
17:05 of 1st period - Shot Misses the Net.
17:07 of 1st period - Wrist shot by Robert Thomas.
17:07 of 1st period - Stopped by Samuel Montembeault with a rebound.
17:09 of 1st period - Slapshot by Dylan Larkin.
17:09 of 1st period - Stopped by Samuel Montembeault with a rebound.
17:11 of 1st period - Snap shot by K'Andre Miller.
17:11 of 1st period - Shot Hit the Post.
17:13 of 1st period - Wrist shot by Jonathan Huberdeau.
17:13 of 1st period - Stopped by Samuel Montembeault with a rebound.
17:15 of 1st period - Snap shot by Jonathan Huberdeau.
17:15 of 1st period - Stopped by Samuel Montembeault with a rebound.
17:17 of 1st period - Slapshot by K'Andre Miller.
17:17 of 1st period - Stopped by Samuel Montembeault with a rebound.
17:19 of 1st period - Wrist shot by Jonathan Huberdeau.
17:19 of 1st period - Stopped by Samuel Montembeault with a rebound.
17:41 of 1st period - Slapshot by Adam Fantilli.
17:41 of 1st period - Deflect By Cal Clutterbuck.
17:41 of 1st period - Stopped by Darcy Kuemper without a rebound.
17:42 of 1st period - Adam Lowry wins face-off versus Joshua Norris in Sharks zone.
17:43 of 1st period - Snap shot by Jake Guentzel.
17:43 of 1st period - Shot Blocked by Joshua Norris.
17:45 of 1st period - Snap shot by Joel Eriksson Ek.
17:45 of 1st period - Deflect By Jake Guentzel.
17:45 of 1st period - Stopped by Darcy Kuemper without a rebound.
17:46 of 1st period - Joshua Norris wins face-off versus Joel Eriksson Ek in Sharks zone.
17:53 of 1st period - Slapshot by Mason McTavish.
17:53 of 1st period - Shot Blocked by Damon Severson.
18:06 of 1st period - Mason McTavish is hit by Adam Lowry and loses puck.
18:51 of 1st period - Snap shot by Joel Eriksson Ek.
18:51 of 1st period - Stopped by Darcy Kuemper without a rebound.
18:52 of 1st period - Andrew Cogliano wins face-off versus Travis Boyd in Sharks zone.
18:59 of 1st period - Snap shot by Andrew Cogliano.
18:59 of 1st period - Stopped by Darcy Kuemper without a rebound.
19:00 of 1st period - Travis Boyd wins face-off versus Andrew Cogliano in Sharks zone.
19:16 of 1st period - Wrist shot by Travis Boyd.
19:16 of 1st period - Shot Blocked by Elias Pettersson.
Goals for this period are 0 for Sharks vs 1 for Capitals.
Shots for this period are 13 for Sharks vs 9 for Capitals.

2nd period


0:01 of 2nd period - Dylan Larkin wins face-off versus Adam Lowry in neutral zone.
0:08 of 2nd period - Backhand shot by Dylan Larkin.
0:08 of 2nd period - Stopped by Samuel Montembeault with a rebound.
0:41 of 2nd period - Shea Theodore is hit by Oliver Ekman-Larsson.
1:11 of 2nd period - Brett Kulak is hit by Damon Severson and loses puck.
1:20 of 2nd period - Snap shot by Joel Armia.
1:20 of 2nd period - Deflect By Quinton Byfield.
1:20 of 2nd period - Stopped by Darcy Kuemper with a rebound.
1:57 of 2nd period - Off-side.
1:58 of 2nd period - Travis Boyd wins face-off versus Derek Grant in neutral zone.
2:32 of 2nd period - Slapshot by Dylan Larkin.
2:32 of 2nd period - Shot Blocked by Oliver Ekman-Larsson.
3:15 of 2nd period - Icing by Joel Armia.
3:16 of 2nd period - Robert Thomas wins face-off versus Quinton Byfield in Capitals zone.
3:17 of 2nd period - Snap shot by Dylan Larkin.
3:17 of 2nd period - Stopped by Samuel Montembeault without a rebound.
3:18 of 2nd period - Robert Thomas wins face-off versus Derek Grant in Capitals zone.
3:45 of 2nd period - Brett Kulak is hit by Kyle Palmieri and loses puck.
3:56 of 2nd period - Wrist shot by Kyle Palmieri.
3:56 of 2nd period - Stopped by Darcy Kuemper with a rebound.
4:15 of 2nd period - Off-side.
4:16 of 2nd period - Derek Grant wins face-off versus Robert Thomas in neutral zone.
4:32 of 2nd period - Snap shot by Derek Grant.
4:32 of 2nd period - Shot Blocked by Justin Braun.
4:55 of 2nd period - Justin Braun is hit by Adam Lowry and loses puck.
5:10 of 2nd period - Lukas Reichel is hit by Elias Pettersson.
5:32 of 2nd period - Oliver Ekman-Larsson is hit by Shea Theodore and loses puck.
5:39 of 2nd period - Snap shot by Joseph Veleno.
5:39 of 2nd period - Shot Misses the Net.
5:53 of 2nd period - Calvin De Haan is hit by Joel Eriksson Ek and loses puck.
6:12 of 2nd period - Wrist shot by Adam Fantilli.
6:12 of 2nd period - Stopped by Darcy Kuemper without a rebound.
6:13 of 2nd period - Derek Grant wins face-off versus Joshua Norris in Sharks zone.
6:26 of 2nd period - Snap shot by Adam Fantilli.
6:26 of 2nd period - Stopped by Darcy Kuemper without a rebound.
6:27 of 2nd period - Robert Thomas wins face-off versus Andrew Cogliano in Sharks zone.
6:54 of 2nd period - Snap shot by Joel Eriksson Ek.
6:54 of 2nd period - Stopped by Darcy Kuemper without a rebound.
6:55 of 2nd period - Travis Boyd wins face-off versus Adam Lowry in Sharks zone.
7:26 of 2nd period - Wrist shot by Jake Guentzel.
7:26 of 2nd period - Stopped by Darcy Kuemper with a rebound.
7:34 of 2nd period - Slapshot by Lukas Reichel.
7:34 of 2nd period - Shot Misses the Net.
7:38 of 2nd period - Wrist shot by Lukas Reichel.
7:38 of 2nd period - Shot Misses the Net.
7:40 of 2nd period - Wrist shot by Shea Theodore.
7:40 of 2nd period - Deflect By Joel Eriksson Ek.
7:40 of 2nd period - Stopped by Samuel Montembeault without a rebound.
7:41 of 2nd period - Joshua Norris wins face-off versus Andrew Cogliano in Capitals zone.
7:42 of 2nd period - Snap shot by Boone Jenner.
7:42 of 2nd period - Stopped by Samuel Montembeault without a rebound.
7:43 of 2nd period - Joshua Norris wins face-off versus Andrew Cogliano in Capitals zone.
8:12 of 2nd period - Snap shot by Joseph Veleno.
8:12 of 2nd period - Stopped by Samuel Montembeault with a rebound.
8:34 of 2nd period - Wrist shot by Kyle Palmieri.
8:34 of 2nd period - Stopped by Darcy Kuemper with a rebound.
9:10 of 2nd period - Snap shot by Elias Pettersson.
9:10 of 2nd period - Shot Misses the Net.
9:12 of 2nd period - Slapshot by Oliver Ekman-Larsson.
9:12 of 2nd period - Stopped by Darcy Kuemper without a rebound.
9:13 of 2nd period - Derek Grant wins face-off versus Robert Thomas in Sharks zone.
10:23 of 2nd period - Robert Thomas is hit by Cal Clutterbuck and loses puck.
10:38 of 2nd period - Joel Armia is hit by Calvin De Haan and loses puck.
10:49 of 2nd period - Marc-Edouard Vlasic is hit by K'Andre Miller and loses puck.
11:24 of 2nd period - Joshua Norris is hit by Cal Clutterbuck.
12:28 of 2nd period - Cal Clutterbuck is hit by Mason McTavish and loses puck.
12:35 of 2nd period - Joshua Norris is hit by Adam Fantilli and loses puck.
13:29 of 2nd period - Snap shot by Jake Guentzel.
13:29 of 2nd period - Stopped by Darcy Kuemper with a rebound.
13:51 of 2nd period - Mason McTavish is hit by Damon Severson and loses puck.
14:13 of 2nd period - Justin Braun is hit by Derek Grant and loses puck.
14:34 of 2nd period - Zach Bogosian is hit by Justin Braun and loses puck.
15:21 of 2nd period - Joshua Norris is hit by Adam Lowry and loses puck.
15:36 of 2nd period - Shea Theodore is hit by Derek Grant and loses puck.
16:01 of 2nd period - Wrist shot by Kyle Palmieri.
16:01 of 2nd period - Shot Misses the Net.
16:03 of 2nd period - Backhand shot by Justin Schultz.
16:03 of 2nd period - Shot Blocked by Robert Thomas.
16:05 of 2nd period - Slapshot by Justin Schultz.
16:05 of 2nd period - Deflect By Dylan Larkin.
16:05 of 2nd period - Stopped by Darcy Kuemper without a rebound.
16:06 of 2nd period - Adam Lowry wins face-off versus Joshua Norris in Sharks zone.
16:13 of 2nd period - Wrist shot by Jake Guentzel.
16:13 of 2nd period - Shot Misses the Net.
16:55 of 2nd period - Wrist shot by Elias Pettersson.
16:55 of 2nd period - Shot Blocked by Travis Boyd.
17:37 of 2nd period - Mason McTavish is hit by Cal Clutterbuck and loses puck.
17:54 of 2nd period - Marc-Edouard Vlasic is hit by Brett Kulak and loses puck.
18:23 of 2nd period - Derek Grant is hit by Boone Jenner and loses puck.
18:38 of 2nd period - Joshua Norris is hit by Derek Grant and loses puck.
18:49 of 2nd period - Slapshot by Adam Fantilli.
18:49 of 2nd period - Stopped by Darcy Kuemper without a rebound.
18:50 of 2nd period - Adam Lowry wins face-off versus Robert Thomas in Sharks zone.
18:51 of 2nd period - Wrist shot by Jake Guentzel.
18:51 of 2nd period - Stopped by Darcy Kuemper with a rebound.
19:40 of 2nd period - Minor Penalty to Oliver Wahlstrom for Hooking.
19:41 of 2nd period - Boone Jenner wins face-off versus Andrew Cogliano in Sharks zone.
Goals for this period are 0 for Sharks vs 0 for Capitals.
Shots for this period are 5 for Sharks vs 12 for Capitals.

3rd period


0:01 of 3rd period - Jake Guentzel wins face-off versus Boone Jenner in neutral zone.
0:44 of 3rd period - Elias Pettersson is hit by Alex Pietrangelo and loses puck.
1:38 of 3rd period - Robert Thomas is hit by Justin Schultz and loses puck.
1:40 of 3rd period - Penalty to Oliver Wahlstrom is over, Oliver Wahlstrom is back on ice.
1:53 of 3rd period - Snap shot by Travis Boyd.
1:53 of 3rd period - Stopped by Samuel Montembeault without a rebound.
1:54 of 3rd period - Travis Boyd wins face-off versus Quinton Byfield in Capitals zone.
1:55 of 3rd period - Wrist shot by Kasperi Kapanen.
1:55 of 3rd period - Shot Misses the Net.
2:02 of 3rd period - Icing by Cam York.
2:03 of 3rd period - Quinton Byfield wins face-off versus Robert Thomas in Capitals zone.
2:13 of 3rd period - Off-side.
2:14 of 3rd period - Robert Thomas wins face-off versus Adam Lowry in neutral zone.
2:17 of 3rd period - Wrist shot by Jonathan Huberdeau.
2:17 of 3rd period - Stopped by Samuel Montembeault without a rebound.
2:18 of 3rd period - Robert Thomas wins face-off versus Jake Guentzel in Capitals zone.
2:19 of 3rd period - Wrist shot by Dylan Larkin.
2:19 of 3rd period - Shot Blocked by Oliver Ekman-Larsson.
2:21 of 3rd period - Snap shot by Dylan Larkin.
2:21 of 3rd period - Shot Misses the Net.
2:23 of 3rd period - Snap shot by Dylan Larkin.
2:23 of 3rd period - Stopped by Samuel Montembeault without a rebound.
2:24 of 3rd period - Adam Lowry wins face-off versus Robert Thomas in Capitals zone.
2:59 of 3rd period - Snap shot by Dylan Larkin.
2:59 of 3rd period - Goal by Dylan Larkin - Sharks : 1 - Capitals : 1.
3:00 of 3rd period - Joshua Norris wins face-off versus Andrew Cogliano in neutral zone.
3:51 of 3rd period - Brandon Tanev is hit by Derek Grant and loses puck.
4:17 of 3rd period - Snap shot by Kasperi Kapanen.
4:17 of 3rd period - Shot Blocked by Damon Severson.
4:19 of 3rd period - Snap shot by Travis Boyd.
4:19 of 3rd period - Shot Misses the Net.
4:21 of 3rd period - Slapshot by Alex Pietrangelo.
4:21 of 3rd period - Deflect By Travis Boyd.
4:21 of 3rd period - Shot Misses the Net.
4:21 of 3rd period - Puck is out of play.
4:22 of 3rd period - Robert Thomas wins face-off versus Andrew Cogliano in Capitals zone.
5:20 of 3rd period - Shea Theodore is hit by Zach Bogosian and loses puck.
5:49 of 3rd period - Shea Theodore is hit by Derek Grant and loses puck.
6:35 of 3rd period - Snap shot by Lukas Reichel.
6:35 of 3rd period - Deflect By Kasperi Kapanen.
6:35 of 3rd period - Shot Blocked by Cam York.
6:35 of 3rd period - Puck is out of play.
6:36 of 3rd period - Andrew Cogliano wins face-off versus Robert Thomas in Capitals zone.
7:04 of 3rd period - Snap shot by Justin Schultz.
7:04 of 3rd period - Shot Blocked by Mason McTavish.
7:06 of 3rd period - Backhand shot by Oliver Ekman-Larsson.
7:06 of 3rd period - Deflect By Jake Guentzel.
7:06 of 3rd period - Stopped by Darcy Kuemper without a rebound.
7:07 of 3rd period - Adam Lowry wins face-off versus Joshua Norris in Sharks zone.
7:10 of 3rd period - Wrist shot by Jake Guentzel.
7:10 of 3rd period - Shot Blocked by Shea Theodore.
7:12 of 3rd period - Wrist shot by Adam Lowry.
7:12 of 3rd period - Stopped by Darcy Kuemper without a rebound.
7:13 of 3rd period - Robert Thomas wins face-off versus Andrew Cogliano in Sharks zone.
7:18 of 3rd period - Kyle Palmieri is hit by Jonathan Huberdeau and loses puck.
7:49 of 3rd period - Backhand shot by Joshua Norris.
7:49 of 3rd period - Shot Misses the Net.
8:45 of 3rd period - Snap shot by Quinton Byfield.
8:45 of 3rd period - Stopped by Darcy Kuemper with a rebound.
8:47 of 3rd period - Wrist shot by Quinton Byfield.
8:47 of 3rd period - Shot Misses the Net.
8:49 of 3rd period - Slapshot by Isac Lundestrom.
8:49 of 3rd period - Shot Misses the Net.
8:51 of 3rd period - Slapshot by Isac Lundestrom.
8:51 of 3rd period - Stopped by Darcy Kuemper without a rebound.
8:52 of 3rd period - Joshua Norris wins face-off versus Joel Eriksson Ek in Sharks zone.
9:02 of 3rd period - Joshua Norris is hit by Joel Eriksson Ek and loses puck.
9:42 of 3rd period - Cal Clutterbuck is hit by Jonathan Huberdeau and loses puck.
10:03 of 3rd period - Joel Armia is hit by Kasperi Kapanen and loses puck.
10:27 of 3rd period - Icing by Calvin De Haan.
10:28 of 3rd period - Adam Lowry wins face-off versus Joseph Veleno in Sharks zone.
10:49 of 3rd period - Snap shot by Oliver Wahlstrom.
10:49 of 3rd period - Shot Blocked by Oliver Ekman-Larsson.
10:51 of 3rd period - Snap shot by Joseph Veleno.
10:51 of 3rd period - Shot Misses the Net.
10:53 of 3rd period - Slapshot by Brett Kulak.
10:53 of 3rd period - Shot Misses the Net.
10:55 of 3rd period - Wrist shot by Oliver Wahlstrom.
10:55 of 3rd period - Deflect By Brandon Tanev.
10:55 of 3rd period - Goal by Brandon Tanev - Sharks : 2 - Capitals : 1.
10:56 of 3rd period - Robert Thomas wins face-off versus Andrew Cogliano in neutral zone.
11:07 of 3rd period - Wrist shot by Robert Thomas.
11:07 of 3rd period - Shot Misses the Net.
11:09 of 3rd period - Wrist shot by Jonathan Huberdeau.
11:09 of 3rd period - Shot Blocked by Justin Schultz.
11:13 of 3rd period - Snap shot by Robert Thomas.
11:13 of 3rd period - Shot Blocked by Oliver Ekman-Larsson.
11:24 of 3rd period - Icing by Justin Schultz.
11:25 of 3rd period - Andrew Cogliano wins face-off versus Joshua Norris in Capitals zone.
11:25 of 3rd period - Andrew Cogliano is hit by K'Andre Miller.
11:35 of 3rd period - Mason McTavish is hit by Kyle Palmieri and loses puck.
11:56 of 3rd period - Wrist shot by Adam Fantilli.
11:56 of 3rd period - Stopped by Darcy Kuemper without a rebound.
11:57 of 3rd period - Derek Grant wins face-off versus Robert Thomas in Sharks zone.
12:08 of 3rd period - Backhand shot by Dylan Larkin.
12:08 of 3rd period - Stopped by Samuel Montembeault without a rebound.
12:09 of 3rd period - Travis Boyd wins face-off versus Adam Lowry in Capitals zone.
13:01 of 3rd period - Wrist shot by Joshua Norris.
13:01 of 3rd period - Stopped by Samuel Montembeault without a rebound.
13:02 of 3rd period - Adam Lowry wins face-off versus Mason McTavish in Capitals zone.
13:02 of 3rd period - Adam Lowry is hit by Justin Braun.
13:08 of 3rd period - Wrist shot by Jake Guentzel.
13:08 of 3rd period - Stopped by Darcy Kuemper with a rebound.
13:10 of 3rd period - Slapshot by Cam York.
13:10 of 3rd period - Stopped by Darcy Kuemper with a rebound.
13:12 of 3rd period - Wrist shot by Adam Lowry.
13:12 of 3rd period - Shot Misses the Net.
13:14 of 3rd period - Wrist shot by Adam Lowry.
13:14 of 3rd period - Shot Misses the Net.
13:16 of 3rd period - Wrist shot by Joel Eriksson Ek.
13:16 of 3rd period - Stopped by Darcy Kuemper with a rebound.
13:18 of 3rd period - Slapshot by Adam Lowry.
13:18 of 3rd period - Stopped by Darcy Kuemper with a rebound.
13:38 of 3rd period - Slapshot by Adam Fantilli.
13:38 of 3rd period - Deflect By Derek Grant.
13:38 of 3rd period - Shot Misses the Net.
13:38 of 3rd period - Puck is out of play.
13:39 of 3rd period - Dylan Larkin wins face-off versus Andrew Cogliano in Sharks zone.
13:39 of 3rd period - Dylan Larkin is hit by Damon Severson.
13:55 of 3rd period - Snap shot by Dylan Larkin.
13:55 of 3rd period - Stopped by Samuel Montembeault without a rebound.
13:56 of 3rd period - Travis Boyd wins face-off versus Jake Guentzel in Capitals zone.
14:03 of 3rd period - Wrist shot by Kasperi Kapanen.
14:03 of 3rd period - Stopped by Samuel Montembeault with a rebound.
14:09 of 3rd period - Snap shot by Adam Lowry.
14:09 of 3rd period - Stopped by Darcy Kuemper without a rebound.
14:10 of 3rd period - Robert Thomas wins face-off versus Derek Grant in Sharks zone.
14:10 of 3rd period - Robert Thomas is hit by Cal Clutterbuck.
14:17 of 3rd period - Minor Penalty to Damon Severson for Slashing.
14:18 of 3rd period - Joshua Norris wins face-off versus Quinton Byfield in Capitals zone.
14:22 of 3rd period - Snap shot by Joshua Norris.
14:22 of 3rd period - Shot Hit the Post.
15:43 of 3rd period - Alex Pietrangelo is hit by Joel Armia and loses puck.
15:48 of 3rd period - Slapshot by Joel Armia.
15:48 of 3rd period - Stopped by Darcy Kuemper with a rebound.
15:50 of 3rd period - Wrist shot by Cam York.
15:50 of 3rd period - Shot Misses the Net.
16:02 of 3rd period - Boone Jenner is hit by Zach Bogosian.
16:17 of 3rd period - Penalty to Damon Severson is over, Damon Severson is back on ice.
16:22 of 3rd period - Slapshot by K'Andre Miller.
16:22 of 3rd period - Shot Misses the Net.
16:24 of 3rd period - Wrist shot by Justin Braun.
16:24 of 3rd period - Deflect By Travis Boyd.
16:24 of 3rd period - Shot Misses the Net.
16:24 of 3rd period - Puck is out of play.
16:25 of 3rd period - Derek Grant wins face-off versus Travis Boyd in Capitals zone.
16:38 of 3rd period - Wrist shot by Derek Grant.
16:38 of 3rd period - Stopped by Darcy Kuemper with a rebound.
16:40 of 3rd period - Snap shot by Justin Schultz.
16:40 of 3rd period - Stopped by Darcy Kuemper without a rebound.
16:41 of 3rd period - Joshua Norris wins face-off versus Quinton Byfield in Sharks zone.
16:41 of 3rd period - Joshua Norris is hit by Joel Armia.
17:13 of 3rd period - Snap shot by Derek Grant.
17:13 of 3rd period - Stopped by Darcy Kuemper with a rebound.
17:15 of 3rd period - Slapshot by Oliver Ekman-Larsson.
17:15 of 3rd period - Stopped by Darcy Kuemper without a rebound.
17:16 of 3rd period - Robert Thomas wins face-off versus Adam Lowry in Sharks zone.
17:33 of 3rd period - Alex Pietrangelo is hit by Adam Lowry and loses puck.
17:48 of 3rd period - Snap shot by Lukas Reichel.
17:48 of 3rd period - Stopped by Samuel Montembeault with a rebound.
17:50 of 3rd period - Wrist shot by Travis Boyd.
17:50 of 3rd period - Shot Misses the Net.
18:13 of 3rd period - Icing by Joshua Norris.
18:14 of 3rd period - Joshua Norris wins face-off versus Adam Lowry in Sharks zone.
18:37 of 3rd period - Slapshot by Mason McTavish.
18:37 of 3rd period - Stopped by Samuel Montembeault with a rebound.
18:39 of 3rd period - Wrist shot by Mason McTavish.
18:39 of 3rd period - Shot Misses the Net.
18:41 of 3rd period - Slapshot by Mason McTavish.
18:41 of 3rd period - Deflect By Joshua Norris.
18:41 of 3rd period - Shot Misses the Net.
18:41 of 3rd period - Puck is out of play.
18:42 of 3rd period - Derek Grant wins face-off versus Lukas Reichel in Capitals zone.
18:46 of 3rd period - Off-side.
18:47 of 3rd period - D.J. Smith call a timeout for Capitals.
18:47 of 3rd period - Travis Boyd wins face-off versus Adam Fantilli in neutral zone.
19:53 of 3rd period - Capitals, Samuel Montembeault is pulled from the net.
Goals for this period are 2 for Sharks vs 0 for Capitals.
Shots for this period are 11 for Sharks vs 15 for Capitals.




Output by the SimonT Hockey Simulator (STHS) for Eric Tremblay - Original Page W3C HTML5 Valid
Hockey Simulator - Hockey Simulation - Hockey Manager